 Dungeon Crawl Stone Soup version 0.22-a0-567-gff9aefc (webtiles) character file.

54 kae the Insei (level 3, -2/26 HPs)
             Began as a Demonspawn Transmuter on June 29, 2018.
             Hit by a poisoned javelin thrown by a gnoll (10 damage)
             ... on level 2 of the Dungeon.
             The game lasted 00:00:58 (1544 turns).

kae the Insei (Demonspawn Transmuter)               Turns: 1544, Time: 00:00:58

Health: -2/26      AC:  2    Str: 10    XL:     3   Next: 66%
Magic:  5/6        EV: 12    Int: 14    God:
Gold:   128        SH:  0    Dex: 14    Spells: 0/6 levels left

rFire    . . .     SeeInvis .     - Unarmed
rCold    . . .     Gourm    .   (no shield)
rNeg     . . .     Faith    .   b - +0 robe
rPois    .         Spirit   .   (no helmet)
rElec    .         Reflect  .   (no cloak)
rCorr    .         Harm     .   (no gloves)
MR       .....                  (no boots)
Stlth    +.........             (no amulet)
HPRegen  0.08/turn              (no ring)
MPRegen  0.10/turn              (no ring)

@: lethally poisoned (-2 -> -16), appendage (expiring)
A: horns 2, talons 1, powered by death 1
a: End Transformation


You were on level 2 of the Dungeon.
You were hungry.
You had grown temporary horns.
You visited 1 branch of the dungeon, and saw 2 of its levels.

You collected 128 gold pieces.

Inventory:

Missiles
 a - 11 arrows
Armour
 b - a +0 robe (worn)
Jewellery
 f - an uncursed ring of flight {unknown}
 j - a cursed +2 ring of strength {unknown}
Scrolls
 c - 5 scrolls of identify {unknown}
 g - a scroll of noise {unknown}
 i - a scroll of enchant armour {unknown}
Potions
 e - a potion of curing {unknown}
 h - a potion of agility {unknown}
Comestibles
 d - 4 rations
 k - 2 chunks of flesh


   Skills:
 + Level 1.6 Fighting
 - Level 1.7 Dodging
 * Level 3.3 Unarmed Combat
 + Level 2.3 Spellcasting
 * Level 2.5 Transmutations


You couldn't memorise any spells.
You knew the following spells:

 Your Spells              Type           Power        Failure   Level  Hunger
a - Beastly Appendage     Tmut           #.....       9%          1    #......
b - Sticks to Snakes      Tmut           #.......     12%         2    ###....
c - Spider Form           Tmut/Pois      #.........   38%         3    ###....

Your spell library contained the following spells:

 Spells                   Type           Power        Failure   Level  Hunger
 Blade Hands              Tmut           #.........   92%         5    ######.
 Ice Form                 Ice/Tmut       #.......     80%         4    #####..


Dungeon Overview and Level Annotations

Branches:
Dungeon (2/15)

Altars:
Xom


Innate Abilities, Weirdness & Mutations

You have sharp toenails.
You regenerate a little health from kills.
You have a pair of horns on your head.


Message History

Unknown command.
d - 4 rations (gained 1) Key pressed, stopping explore.
A kobold comes into view. It is wielding an enchanted spear.
A kobold is nearby!
A kobold is nearby!
A kobold is nearby!
The kobold shouts!
A gnoll comes into view.
Casting: Beastly Appendage (safe; 9% risk of failure)
Confirm with . or Enter, or press ? or * to list all spells.
You grow a pair of large bovine horns.
You are feeling hungry.
Your transformation is almost over.
The gnoll throws a poisoned javelin.
The poisoned javelin hits you!
You are lethally poisoned!
The kobold hits you from afar with an enchanted spear.
You feel sick.
The gnoll throws a poisoned javelin.
The poisoned javelin hits you!
You die...

.###.....#.#...########..........
...........#.............#.......
.......#.###...##.#####.####..###
.....###.....................
.###.#######.#.#._.####.##..
.##..........#.....####.##
+##..##########.#.###....+
................#.....#.#
....##########..@.K...#.# ....#
#.#......#.# ....# #.#..###.#.#
### ....# #.##.###'#'#### #..
)...# #.##..........# #.. ....#
#.###.........# #.. †...# #.#
#.........####.. ....# #.#
#.g#.........'.. ....# #.#
##.###.#######..


You could see a gnoll and a kobold.

Vanquished Creatures
  3 dart slugs
  3 giant cockroaches (D:2)
  2 hobgoblins (D:1)
  A jackal (D:2)
  5 bats
  4 frilled lizards
  8 goblins
  5 kobolds (D:1)
  9 rats
40 creatures vanquished.

Vanquished Creatures (collateral kills)
  An adder (D:2)
  A jackal (D:2)
2 creatures vanquished.

Grand Total: 42 creatures vanquished

Notes
Turn   | Place    | Note
-------+----------+-------------------------------------------
     0 | D:1      | kae the Demonspawn Transmuter began the quest for the Orb.
     0 | D:1      | Reached XP level 1. HP: 15/15 MP: 3/3
   181 | D:1      | Mutation became permanent: You have razor-sharp toenails. [demonic ancestry]
   181 | D:1      | Gained mutation: You have claws for feet. [demonic ancestry]
   181 | D:1      | Reached XP level 2. HP: 19/21 MP: 3/5
   273 | D:1      | Learned a level 2 spell: Sticks to Snakes
   394 | D:1      | Reached skill level 3 in Unarmed Combat
   626 | D:1      | Gained mutation: You regenerate a little health from kills. [demonic ancestry]
   626 | D:1      | Reached XP level 3. HP: 24/26 MP: 4/6
   759 | D:1      | Learned a level 3 spell: Spider Form
  1196 | D:2      | Found a shimmering altar of Xom.
  1544 | D:2      | Hit by a poisoned javelin thrown by a gnoll

Vault maps used:
D:1:      saegor_arrival_simple_c, minmay_bisected
D:2:      brannock_xom_greatest_gift, first_ration

Skill      XL: |  1  2 |
---------------+-------+-----
Transmutations | 2 |  2.5
Unarmed Combat | 3 |  3.3
Fighting       | |  1.6
Dodging        | |  1.7
Spellcasting   | |  2.3

Action                   || total
-------------------------++-------
Melee: Unarmed           ||   112
       Headbutt          ||     7
       Kick              ||    16
       Punch             ||     1
 Cast: Beastly Appendage ||    12
       Sticks to Snakes  ||     1
 Stab: Sleeping          ||     2
  Eat: Chunk             ||     2
Armor: Robe              ||    14
Dodge: Dodged            ||    53

Table legend:
 A = Spawn XP
 B = Non-spawn XP
 C = Spawn XP percentage of total XP
 D = Spawn monster count
 E = Non-spawn monster count
 F = Spawn count percentage of total count
 G = Total turns spent on level
                    A         B        C        D         E        F      G
               +---------+---------+-------+---------+---------+-------+---------
         Total |       0 |      78 |   0.0 |       0 |      42 |   0.0 |  1544
               +---------+---------+-------+---------+---------+-------+---------
           D:1 |       0 |      42 |   0.0 |       0 |      26 |   0.0 |   773
           D:2 |       0 |      36 |   0.0 |       0 |      16 |   0.0 |   771
               +---------+---------+-------+---------+---------+-------+---------
